 Dungeon Crawl Stone Soup version 0.28-a0-906-g0406aca7d3 (webtiles) character file.

Game seed: 12386645586690004930

16 siradein the Vexing (level 2, -1/16 HPs)
             Began as a Deep Elf Arcane Marksman on Nov 23, 2021.
             Slain by an adder (4 damage)
             ... on level 2 of the Dungeon.
             The game lasted 00:04:03 (1443 turns).

siradein the Vexing (Deep Elf Arcane Marksman)      Turns: 1443, Time: 00:04:03

Health: -1/16      AC:  3    Str:  7    XL:     2   Next: 37%
Magic:  7/7        EV: 12    Int: 17    God:
Gold:   63         SH:  0    Dex: 15    Spells: 4/5 levels left

rFire   . . .      SeeInvis .   a - +0 shortbow
rCold   . . .      Faith    .   (shield currently unavailable)
rNeg    . . .      Spirit   .   g - +0 leather armour
rPois   .          Reflect  .   (no helmet)
rElec   .          Harm     .   (no cloak)
rCorr   .          Rampage  .   (no gloves)
Will    .....                   (no boots)
Stlth   +.........              (no amulet)
HPRegen 0.05/turn               (no ring)
MPRegen 0.10/turn               (no ring)

@: no status effects
A: no striking features
a: no special abilities


You were on level 2 of the Dungeon.
You visited 1 branch of the dungeon, and saw 2 of its levels.

You collected 63 gold pieces.

Inventory:

Hand Weapons
 a - a +0 shortbow (weapon)
 j - a +0 falchion of freezing
Missiles
 c - 11 arrows (quivered ammo)
 i - 21 bolts
Armour
 g - a +0 leather armour (worn)
Scrolls
 e - a scroll of enchant armour {unknown}
 f - a scroll of identify {unknown}
Potions
 d - 2 potions of brilliance {unknown}
 h - a potion of mutation {unknown}


   Skills:
 + Level 1.1 Fighting
 + Level 3.0 Bows
 + Level 2.7 Dodging
 + Level 2.0 Spellcasting
 + Level 4.2 Hexes


You had 4 spell levels left.
You knew the following spells:

 Your Spells              Type           Power      Damage    Failure   Level
a - Slow                  Hex            64%        N/A       4%          1

Your spell library contained the following spells:

 Spells                   Type           Power      Damage    Failure   Level
 Inner Flame              Hex/Fire       8%         N/A       36%         3
 Portal Projectile        Hex/Tloc       16%        N/A       36%         3
 Cause Fear               Hex            8%         N/A       45%         4


Dungeon Overview and Level Annotations

Branches:
Dungeon (2/15)

Altars:


Message History

Aim: an adder (40% to hit)
You shoot an arrow. The arrow hits the adder.
The adder is lightly wounded.
The adder closely misses you.
Fire: 16 arrows
Press: ? - help, Q - select action, (/) - cycle Shift-Dir - straight line, f/p - adder
Aim: an adder (lightly wounded, 40% to hit)
You shoot an arrow. The arrow misses the adder.
The arrow hits the ball python but does no damage.
The adder bites you.
* * * LOW HITPOINT WARNING * * *
The adder bites you.
* * * LOW HITPOINT WARNING * * *
Fire: 15 arrows
Press: ? - help, Q - select action, (/) - cycle Shift-Dir - straight line, f/p - adder
Aim: an adder (lightly wounded, 40% to hit)
You shoot an arrow. The arrow barely misses the adder.
The arrow hits the ball python.
You kill the ball python!
The adder closely misses you.
Fire: 14 arrows
Press: ? - help, Q - select action, (/) - cycle Shift-Dir - straight line, f/p - adder
Aim: an adder (lightly wounded, 40% to hit)
You shoot an arrow. The arrow hits the adder.
The adder is moderately wounded.
The adder bites you but does no damage. The adder barely misses you.
Fire: 13 arrows
Press: ? - help, Q - select action, (/) - cycle Shift-Dir - straight line, f/p - adder
Aim: an adder (moderately wounded, 40% to hit)
You shoot an arrow. The arrow closely misses the adder.
The arrow closely misses the hobgoblin.
The adder barely misses you.
Fire: 12 arrows
Press: ? - help, Q - select action, (/) - cycle Shift-Dir - straight line, f/p - adder
Aim: an adder (moderately wounded, 40% to hit)
You shoot an arrow. The arrow barely misses the adder.
The arrow hits the hobgoblin.
The hobgoblin is severely wounded.
The adder barely misses you. The adder bites you.
You die...

###########
###.........#
............#
............####
..............w####
............##gS@.#
............#####..#
.......#..#.S# .....
.......#...#..# .......
##.........##.# .......
.........#.# ... .......
...............$........
....###..#..............
....# .......####.


You could see an adder, a dart slug and a hobgoblin.

Vanquished Creatures
  A dart slug (D:1)
  A giant cockroach (D:1)
  2 ball pythons
  2 bats
  A frilled lizard (D:2)
  3 goblins (D:1)
  3 kobolds
  3 rats (D:1)
16 creatures vanquished.

Vanquished Creatures (others)
  A plant (D:1)
1 creature vanquished.

Grand Total: 17 creatures vanquished

Notes
Turn   | Place    | Note
-------+----------+-------------------------------------------
     0 | D:1      | siradein the Deep Elf Arcane Marksman began the quest for
                  | the Orb.
     0 | D:1      | Reached XP level 1. HP: 11/11 MP: 5/5
   351 | D:1      | Reached skill level 1 in Fighting
   487 | D:1      | Reached XP level 2. HP: 12/16 MP: 6/6
  1223 | D:1      | Found a faded altar of an unknown god.
  1443 | D:2      | Slain by an adder

Illustrated notes

Levels and vault maps discovered:
D:1:      eino_arrival_water_cross, layout_loops_ring,
          shapermc_ecumenical_altar_mp_urbaneastern
D:2:      layout_rooms

Skill      XL: |  1  2 |
---------------+-------+-----
Fighting       | 1 |  1.1
Bows           | 3 |  3.0
Spellcasting   | 2 |  2.0
Dodging        | |  2.7
Hexes          | |  4.2

Action                   || total
-------------------------++-------
Melee: Long sword        ||    26
       Falchion          ||     2
 Fire: Shortbow          ||    23
 Cast: Slow              ||     5
Armor: Robe              ||     3
       Leather armour    ||    11
Dodge: Dodged            ||    36

Table legend: (Time is in decaauts)
 A = Elapsed time spent in this place.
 B = Non-inter-level travel time spent in this place.
 C = Inter-level travel time spent in this place.
 D = Time resting spent in this place.
 E = Time spent auto-exploring this place.
 F = Levels seen in this place.
 G = Mean time per level.
                   A        B        C        D        E       F      G
               +--------+--------+--------+--------+--------+-----+--------+
         Total |   1460 |   1424 |     36 |    110 |    969 |   2 |  730.0 |
       Dungeon |   1460 |   1424 |     36 |    110 |    969 |   2 |  730.0 |
               +--------+--------+--------+--------+--------+-----+--------+

Top non-repeatable levels by time:
     D:1: 1403 daAuts
     D:2: 56 daAuts
